Map: [ESL] Site Delta

Players

MaxPax - Winner!

  • Race: Protoss Protoss
  • Spawn Location: 11:00

SKillous

  • Race: Protoss Protoss
  • Spawn Location: 5:00

Event: ESL SC2 Masters 2024 Spring (Regional)

VOD

Have the link to the VOD?

Description

Time

  • Played on: April 26, 2024, 12:54 p.m.
  • Length: 9:50

All games in this series

Show
View Real Time Build Order
Export as new Build Order

MaxPax Protoss - Winner!

Build Orders: Oracle Opening 

Get SALT Encoding   

  12  0:00  Probe  
  13  0:12  Probe  
  14  0:19  Pylon  
  14  0:24  Probe  
  15  0:37  Probe (Chrono Boost)  
  15  0:39  Gateway  
  16  0:47  Assimilator, Probe (Chrono Boost)  
  17  0:52  Probe (Chrono Boost)  
  18  1:04  Probe  
  19  1:16  Probe (Chrono Boost)  
  20  1:19  Assimilator  
  20  1:20  Pylon  
  21  1:26  Cybernetics Core  
  21  1:27  Probe (Chrono Boost)  
  21  1:32  Probe (Chrono Boost)  
  21  1:38  Zealot  
  24  1:42  Probe  
  25  1:52  Pylon  
  25  1:54  Probe  
  26  2:02  Stargate  
  26  2:05  Adept  
  28  2:14  Warp Gate  
  28  2:29  Nexus  
  28  2:34  Pylon  
  28  2:42  Oracle (Chrono Boost)  
  28  2:46  Probe  
  31  2:57  Stalker  
  31  2:58  Probe  
  34  3:05  Shield Battery  
  34  3:16  Probe  
  34  3:17  Oracle (Chrono Boost)  
  38  3:31  Probe  
  37  3:44  Probe x2 (Chrono Boost)  
  37  3:47  Twilight Council  
  39  3:50  Gateway  
  41  3:56  Probe (Chrono Boost)  
  41  4:01  Probe (Chrono Boost)  
  41  4:02  Stalker  
  43  4:03  Probe (Chrono Boost)  
  43  4:07  Probe (Chrono Boost)  
  45  4:10  Probe  
  45  4:15  Blink (Chrono Boost)  
  46  4:19  Probe  
  46  4:23  Probe  
  48  4:29  Gateway  
  48  4:31  Probe  
  48  4:32  Pylon  
  48  4:34  Stalker  
  48  4:35  Probe  
  52  4:43  Probe  
  53  4:47  Probe  
  54  4:55  Probe  
  54  4:59  Probe  
  53  5:04  Stalker x2  
  55  5:08  Probe  
  55  5:11  Probe  
  57  5:15  Nexus  
  57  5:17  Pylon  
  57  5:20  Assimilator, Probe  
  57  5:29  Stalker x2  
  57  5:32  Stalker  
  57  5:34  Pylon  
  57  5:35  Probe x2  
  64  5:40  Forge  
  64  5:47  Probe  
  64  5:48  Probe  
  66  5:55  Stalker x2  
  66  5:56  Stalker  
  72  5:59  Probe  
  73  6:06  Probe  
  73  6:10  Protoss Ground Weapons Level 1 (Chrono Boost)  
  74  6:11  Probe  
  74  6:13  Pylon  
  74  6:18  Probe  
  76  6:23  Probe  
  77  6:28  Stalker x2  
  77  6:30  Stalker, Probe  
  77  6:31  Probe  
  85  6:37  Probe  
  80  6:43  Probe  
  80  6:44  Probe  
  80  6:46  Gateway  
  82  6:47  Gateway  
  82  6:48  Robotics Facility  
  82  6:49  Probe, Gateway  
  82  6:52  Adept x2  
  87  6:54  Stalker  
  87  6:55  Probe  
  87  7:00  Charge  
  90  7:02  Probe  
  90  7:06  Probe  
  90  7:08  Pylon  
  92  7:09  Assimilator  
  92  7:15  Pylon  
  92  7:20  Stalker x3  
  98  7:25  Nexus  
  98  7:32  Probe  
  97  7:37  Observer (Chrono Boost)  
  97  7:41  Shield Battery  
  97  7:43  Probe x2  
  96  7:46  Gateway  
  96  7:47  Stalker x4  
  96  7:49  Gateway  
  104  7:52  Pylon  
  104  7:54  Warp Prism (Chrono Boost), Adept x2  
  104  7:55  Probe  
  111  8:01  Pylon  
  111  8:04  Probe  
  112  8:07  Pylon, Probe  
  114  8:12  Probe  
  114  8:18  Probe  
  113  8:26  Stalker x5  
  119  8:33  Immortal (Chrono Boost)  
  123  8:49  Zealot x8  
  135  9:02  Immortal (Chrono Boost)  
  137  9:09  Zealot x8  
  153  9:20  Pylon  
  153  9:21  Pylon  
  137  9:38  Zealot  
  137  9:39  Zealot x6  
Show
View Real Time Build Order
Export as new Build Order

SKillous Protoss 

Build Orders: 1 Gate Expand 

Get SALT Encoding   

  12  0:00  Probe  
  13  0:12  Probe  
  14  0:20  Pylon  
  14  0:24  Probe  
  15  0:38  Probe (Chrono Boost)  
  15  0:39  Gateway  
  16  0:44  Assimilator  
  16  0:49  Probe (Chrono Boost)  
  17  0:53  Probe (Chrono Boost)  
  18  1:04  Probe  
  19  1:16  Probe  
  20  1:29  Probe  
  20  1:30  Cybernetics Core  
  20  1:32  Pylon  
  21  1:41  Nexus  
  21  1:44  Probe  
  24  1:56  Probe  
  26  2:08  Pylon, Probe  
  26  2:09  Stalker (Chrono Boost)  
  26  2:17  Warp Gate  
  26  2:20  Probe, Gateway  
  27  2:29  Stalker (Chrono Boost)  
  27  2:32  Probe  
  29  2:44  Probe  
  29  2:50  Shield Battery  
  30  2:52  Stalker  
  30  2:53  Probe (Chrono Boost)  
  34  2:59  Shield Battery  
  34  3:01  Probe (Chrono Boost)  
  35  3:05  Shield Battery  
  35  3:07  Probe (Chrono Boost)  
  35  3:12  Probe x2 (Chrono Boost)  
  36  3:16  Assimilator  
  37  3:20  Assimilator  
  37  3:21  Probe x2  
  39  3:33  Probe x2  
  41  3:36  Twilight Council  
  41  3:44  Pylon  
  41  3:45  Probe (Chrono Boost)  
  41  3:47  Probe (Chrono Boost)  
  43  3:57  Probe (Chrono Boost)  
  43  3:58  Assimilator  
  43  4:02  Probe (Chrono Boost)  
  45  4:03  Probe (Chrono Boost)  
  45  4:04  Stalker  
  45  4:07  Stalker  
  45  4:09  Probe  
  51  4:11  Blink (Chrono Boost)  
  46  4:18  Probe  
  46  4:22  Probe (Chrono Boost)  
  48  4:25  Pylon  
  48  4:30  Sentry  
  48  4:31  Probe (Chrono Boost)  
  51  4:32  Sentry  
  54  4:40  Probe (Chrono Boost)  
  54  4:43  Probe (Chrono Boost)  
  55  4:47  Probe  
  55  4:52  Probe  
  57  5:03  Pylon  
  57  5:08  Robotics Facility  
  57  5:10  Pylon  
  57  5:21  Probe x2  
  59  5:22  Nexus  
  59  5:24  Pylon  
  59  5:28  Gateway x2  
  59  5:29  Forge  
  59  5:33  Sentry x2, Probe  
  64  5:36  Probe  
  64  5:42  Shield Battery  
  65  5:46  Probe  
  66  5:54  Immortal (Chrono Boost)  
  66  5:55  Probe  
  71  6:02  Stalker x2  
  71  6:08  Probe  
  71  6:10  Protoss Ground Weapons Level 1  
  70  6:12  Probe  
  70  6:14  Pylon  
  71  6:19  Pylon  
  71  6:20  Probe  
  71  6:25  Stalker x3  
  73  6:39  Probe (Chrono Boost)  
  70  6:41  Probe (Chrono Boost)  
  70  6:43  Immortal (Chrono Boost)  
  70  6:45  Probe (Chrono Boost)  
  74  6:47  Stalker  
  74  6:49  Probe (Chrono Boost)  
  74  6:50  Probe (Chrono Boost)  
  74  6:51  Sentry  
  74  6:52  Sentry  
  74  6:54  Sentry  
  84  6:57  Probe (Chrono Boost)  
  84  6:59  Probe (Chrono Boost)  
  85  7:03  Probe  
  85  7:06  Resonating Glaives  
  86  7:08  Probe  
  86  7:11  Probe  
  88  7:18  Observer (Chrono Boost)  
  90  7:25  Gateway  
  90  7:26  Stalker  
  90  7:28  Stalker  
  90  7:29  Stalker, Gateway  
  94  7:33  Probe  
  94  7:38  Warp Prism (Chrono Boost)  
  95  7:46  Probe x3  
  98  7:51  Gateway  
  98  7:54  Sentry x2  
  98  7:55  Pylon  
  102  8:05  Pylon  
  102  8:06  Gateway  
  102  8:08  Stalker x2  
  102  8:11  Pylon  
  102  8:24  Stalker x4  
  108  8:31  Stalker x2  
  110  8:43  Probe  
  107  8:51  Adept x5  
  116  8:56  Observer  
  116  8:57  Pylon  
  116  8:58  Pylon  
  116  9:00  Stalker  
  116  9:07  Adept x2  
  119  9:12  Stalker x2  
  119  9:16  Sentry x2  
  122  9:18  Sentry  
  120  9:35  Stalker x3  
Tags
 
Add a new tag
Caveats
  • Supply blocks, unpowered buildings, or Contaminate may cause inaccurate times.
  • Supply counts are checked every 10 seconds.